 Dungeon Crawl Stone Soup version 0.23-a0-171-g5ae17c6 (webtiles) character file.

74 Amnesiac the Chiller (level 4, -4/30 HPs)
             Began as a Mummy Ice Elementalist on Sept 15, 2018.
             Slain by a gnoll
             ... wielding a +0 spear
              (8 damage)
             ... on level 3 of the Dungeon.
             The game lasted 00:05:30 (978 turns).

Amnesiac the Chiller (Mummy Ice Elementalist)        Turns: 978, Time: 00:05:30

Health: -4/30      AC:  2    Str: 11    XL:     4   Next: 9%
Magic:  9/9        EV: 12    Int: 15    God:
Gold:   22         SH:  0    Dex: 12    Spells: 4/10 levels left

rFire    x . .     SeeInvis .   e - +0 spear (curse)
rCold    + . .     Gourm    .   (no shield)
rNeg     + + +     Faith    .   a - +0 robe
rPois    ∞         Spirit   .   (no helmet)
rElec    .         Reflect  .   (no cloak)
rCorr    .         Harm     .   (no gloves)
MR       .....                  (no boots)
Stlth    ++........             (no amulet)
HPRegen  0.10/turn              (no ring)
MPRegen  0.11/turn              (no ring)

@: no status effects
A: no food or potions, fire vulnerability, cold resistance 1, negative energy
resistance 3, torment resistance, unbreathing
a: no special abilities


You were on level 3 of the Dungeon.
You were not hungry.

You visited 1 branch of the dungeon, and saw 4 of its levels.

You collected 22 gold pieces.

Inventory:

Hand Weapons
 e - a cursed +0 spear (weapon)
Armour
 a - a +0 robe (worn)
Scrolls
 b - a scroll of enchant weapon {!r, unknown}
 c - a scroll of magic mapping {!r, unknown}
 d - a scroll of identify {!r}


   Skills:
 - Level 1.5 Dodging
 - Level 1.5 Stealth
 + Level 3.6 Spellcasting
 - Level 0.7 Conjurations
 * Level 3.7 Ice Magic


You had 4 spell levels left.
You knew the following spells:

 Your Spells              Type           Power        Failure   Level  Hunger
a - Freeze                Ice            ##..         4%          1    N/A
e - Throw Frost           Conj/Ice       #.....       12%         2    N/A
z - Ozocubu's Armour      Chrm/Ice       #.......     26%         3    N/A

Your spell library contained the following spells:

 Spells                   Type           Power        Failure   Level  Hunger
 Throw Icicle             Conj/Ice       #.......     58%         4    N/A
 Summon Ice Beast         Ice/Summ       #.......     65%         4    N/A

Dungeon Overview and Level Annotations

Branches:
Dungeon (4/15)
 Temple: D:4-7

Altars:


Innate Abilities, Weirdness & Mutations

You do not eat or drink.
Your flesh is vulnerable to fire.
You are immune to poison.
Your flesh is cold resistant. (rC+)
You are immune to negative energy. (rN+++)
You are immune to unholy pain and torment.
You can survive without breathing.


Message History

HP restored.
You now have 22 gold pieces (gained 4).
Found a stone staircase leading down. 2 gnolls come into view.
The gnoll shouts! x2
The gnoll moves out of view.
There is a stone staircase leading down here.
You start waiting.
The gnoll hits you with a club.
Casting: Freeze (safe; 4% risk of failure)
Confirm with . or Enter, or press ? or * to list all spells.
Aiming: Freeze (safe; 4% risk of failure)
Press: ? - help, Shift-Dir - straight line, f - gnoll
Aim: a gnoll, wielding a club You freeze the gnoll.
The gnoll is lightly wounded.
Casting: Freeze (safe; 4% risk of failure)
Confirm with . or Enter, or press ? or * to list all spells.
Aiming: Freeze (safe; 4% risk of failure)
Press: ? - help, Shift-Dir - straight line, f/p - gnoll
Aim: a gnoll, wielding a club (lightly wounded)
You freeze the gnoll.
The gnoll is moderately wounded.
The gnoll closely misses you. The gnoll misses you.
Casting: Freeze (safe; 4% risk of failure)
Confirm with . or Enter, or press ? or * to list all spells.
Aiming: Freeze (safe; 4% risk of failure)
Press: ? - help, Shift-Dir - straight line, f/p - gnoll
Aim: a gnoll, wielding a club (moderately wounded)
You freeze the gnoll.
The gnoll is almost dead.
The gnoll hits you with a club!
* * * LOW HITPOINT WARNING * * *
The gnoll hits you from afar with a spear.
* * * LOW HITPOINT WARNING * * *
Casting: Freeze (safe; 4% risk of failure)
Confirm with . or Enter, or press ? or * to list all spells.
Aiming: Freeze (safe; 4% risk of failure)
Press: ? - help, Shift-Dir - straight line, f/p - gnoll
Aim: a gnoll, wielding a club (almost dead)
You freeze the gnoll.
You kill the gnoll!
You have reached level 4!
The gnoll hits you from afar with a spear.
* * * LOW HITPOINT WARNING * * *
The gnoll closely misses you.
There is a stone staircase leading down here.
Things that are here:
a club; a gnoll corpse The gnoll barely misses you.
You climb downwards.
An adder, a giant cockroach and 4 orcs come into view.
The orc shouts!
The adder hisses angrily.
The orc shouts! x2
You hear a shout!
Found a scroll labeled WULYCL NUUGUEBROM and a pair of gloves.
There is a stone staircase leading up here.
The giant cockroach misses you.
You climb upwards.
The gnoll hits you with a spear!
* * * LOW HITPOINT WARNING * * *
There is a stone staircase leading down here.
Things that are here:
a club; a gnoll corpse The gnoll hits you from afar with a spear!
You die...

##########
.........#######
#.............####
##..###..#####.#..
............##.#.#
.#..###..##.##g#.###
.#.......##...s>...#
...............#@#.#
.###############.#
.## #.. ..# ###. ..#
####### .# ..#
#.....# # .##
#[....# #. ###
#.....# #. ..#
#.....# #.


You could see a gnoll and a giant cockroach.

Vanquished Creatures
  2 gnolls (D:3)
  3 adders
  A leopard gecko (D:2)
  An orc (D:3)
  2 giant cockroaches
  5 goblins
  3 hobgoblins
  A quokka (D:2)
  A ball python (D:3)
  2 bats
  A frilled lizard (D:3)
  2 kobolds
  2 rats (D:3)
26 creatures vanquished.

Notes
Turn   | Place    | Note
-------+----------+-------------------------------------------
     0 | D:1      | Amnesiac the Mummy Ice Elementalist began the quest for the
                  | Orb.
     0 | D:1      | Reached XP level 1. HP: 13/13 MP: 4/4
   148 | D:2      | Reached XP level 2. HP: 19/19 MP: 1/5
   182 | D:2      | Learned a level 2 spell: Throw Frost
   322 | D:2      | Reached XP level 3. HP: 18/24 MP: 0/7
   854 | D:3      | Learned a level 3 spell: Ozocubu's Armour
   921 | D:3      | Reached XP level 4. HP: 8/30 MP: 4/9
   978 | D:3      | Slain by a gnoll

Vault maps used:
D:1:      dpeg_arrival_water_temple_mockup
D:2:      nemelex_xobeh_ov_fountains_minmay, first_ration, solitary_fountain
D:4:      overflow_temple_1_default

Skill      XL: |  1  2 |
---------------+-------+-----
Ice Magic      | 3 |  3.7
Spellcasting   | 3 |  3.6
Dodging        | |  1.5
Stealth        | |  1.5
Conjurations   | |  0.7

Action                   |  1- 3 |  4- 6 || total
-------------------------+-------+-------++-------
Melee: Short sword       |     2 |       ||     2
       Unarmed           |     1 |       ||     1
       Spear             |    12 |       ||    12
 Cast: Freeze            |    50 |     1 ||    51
  Use: Scroll            |     2 |       ||     2
 Stab: Sleeping          |     3 |       ||     3
Armor: Robe              |     7 |       ||     7
Dodge: Dodged            |    22 |     3 ||    25

Table legend:
 A = Non-vault XP
 B = Vault XP
 C = Vault XP percentage of total XP
 D = Non-vault monster count
 E = Vault monster count
 F = Vault count percentage of total count
                 A         B        C        D         E       F
            +---------+---------+-------+---------+---------+-------
      Total |     106 |       0 |   0.0 |      26 |       0 |   0.0
            +---------+---------+-------+---------+---------+-------
        D:1 |       2 |       0 |   0.0 |       1 |       0 |   0.0
        D:2 |      42 |       0 |   0.0 |      10 |       0 |   0.0
        D:3 |      62 |       0 |   0.0 |      15 |       0 |   0.0
            +---------+---------+-------+---------+---------+-------
